 Dungeon Crawl Stone Soup version 0.20-a0-940-g1ecfa5a (webtiles) character file.

4 BigBluFrog the Skirmisher (level 1, 16/16 HPs)
             Began as an Octopode Abyssal Knight on Mar 30, 2017.
             Was an Initiate of Lugonu.
             Quit the game on level 1 of the Dungeon.
             The game lasted 00:01:02 (488 turns).

BigBluFrog the Skirmisher (Octopode Abyssal Knight)  Turns: 488, Time: 00:01:03

Health: 16/16      AC:  1    Str:  7    XL:     1   Next: 60%
Magic:  2/2        EV: 13    Int: 14    God:    Lugonu [......]
Gold:   29         SH:  0    Dex:  7    Spells: 0/0 levels left

rFire    + . .     SeeInvis .   a - +1 short sword
rCold    . . .     Gourm    .   (no shield)
rNeg     . . .     Faith    .   (helmet restricted)
rPois    .         Spirit   .   (no amulet)
rElec    .         Reflect  .   c - ring of protection from fire
rCorr    .         Harm     .   (no ring)
MR       .....                  (no ring)
Stlth    ++........             (no ring)
Regen    0.1/turn               (no ring)
MPRegen  0.1/turn               (no ring)
                                (no ring)
                                (no ring)

@: no status effects
A: almost no armour, stealthy swim, amphibious, 8 rings, constrict 8, camouflage
1, clumsy 2, deterioration 2, screaming 2, weak 2, gelatinous body 1, MP-powered
wands
a: Renounce Religion


You were on level 1 of the Dungeon.
You worshipped Lugonu.
Lugonu was noncommittal.
You were not hungry.

You visited 1 branch of the dungeon, and saw 1 of its levels.
You visited the Abyss 1 time.

You collected 29 gold pieces.

Inventory:

Hand Weapons
 a - a +1 short sword (weapon)
Jewellery
 c - a ring of protection from fire (left tentacle)
Wands
 d - a wand of flame (25/48)
Potions
 e - a potion of degeneration {unknown}
Comestibles
 b - 2 bread rations
 f - a royal jelly


   Skills:
 - Level 3.0 Fighting
 + Level 2.4 Short Blades
 - Level 2.3 Dodging
 - Level 2.0 Invocations


You couldn't memorise any spells.
You didn't know any spells.

Dungeon Overview and Level Annotations

Branches:
Dungeon (1/15)

Altars:


Innate Abilities, Weirdness & Mutations

You cannot wear most types of armour.
You are very stealthy in the water. (Stealth+)
You are amphibious.
You can wear up to eight rings at the same time.
You can use your tentacles to constrict eight enemies at once.
Your skin changes colour to match your surroundings (Stealth+).
Your rubbery body absorbs attacks. (AC +1, EV +1)
[You are very clumsy. (Dex -4)]
[Your body often deteriorates upon taking damage.]
[You sometimes yell uncontrollably at your foes.]
[You are very weak. (Str -4)]
[You expend magic power (3 MP) to strengthen your wands.]


Message History

You are too injured to fight recklessly!
You feel a little less mighty now. The goblin barely misses you.
You hit the goblin.
You kill the goblin!
Lugonu accepts your kill.
You see here a dagger.
The giant cockroach closely misses you.
You closely miss the giant cockroach. Your grab misses the giant cockroach.
The giant cockroach closely misses you.
You barely miss the giant cockroach. Your grab misses the giant cockroach.
The giant cockroach barely misses you.
You hit the giant cockroach.
You kill the giant cockroach!
Lugonu accepts your kill.
You see here a giant cockroach corpse.
You start resting.
HP restored.
e - a bubbling purple potion Are you sure you want to abandon this character and quit the game? (Confirm with "yes".)

### ..# #.#######
######## #.#.....#
#......#
#.....#.####......###.#
....#.#.##............#
................@.#
............>.....#
..................#
##.#..#.....).....#
...#####..........#
#..#..............#
#..#.###..........# #
#.# ########+#.# # #.#
.#


There were no monsters in sight!

Vanquished Creatures
  2 giant cockroaches (D:1)
  A goblin (D:1)
3 creatures vanquished.

Notes
Turn   | Place    | Note
-------+----------+-------------------------------------------
     0 | Abyss:1  | BigBluFrog the Octopode Abyssal Knight began the quest for the Orb.
     0 | Abyss:1  | Reached XP level 1. HP: 16/16 MP: 2/2
    12 | Abyss:1  | Found a corrupted altar of Lugonu.
    37 | Abyss:2  | Found a corrupted altar of Lugonu.
    91 | Abyss:2  | Noticed a hellion
    91 | Abyss:2  | Noticed a starcursed mass
   152 | Abyss:2  | Noticed an ancient zyme
   152 | Abyss:2  | Found a corrupted altar of Lugonu.
   162 | Abyss:2  | Noticed a small abomination
   169 | Abyss:2  | Noticed a wretched star
   173 | Abyss:2  | Noticed an apocalypse crab
   175 | Abyss:2  | Noticed an ancient zyme
   176 | Abyss:2  | Noticed a wretched star
   184 | Abyss:2  | Noticed a wretched star
   184 | D:1      | Escaped the Abyss
   488 | D:1      | Quit the game

Vault maps used:
D:1:      matt_arrival_los_fun, hex_medium

Action                   || total
-------------------------++-------
Melee: Short sword       ||     5
Invok: Depart the Abyss  ||     1
  Use: Potion            ||     1
Armor: Skin              ||     1
Dodge: Dodged            ||     7
